Map: Dusty Gorge

Players

wwonka

  • Race: Zerg Zerg
  • Spawn Location: 11:00

smokem

  • Race: Zerg Zerg
  • Spawn Location: 9:00

PureLegacy - Winner!

  • Race: Terran Terran
  • Spawn Location: 5:00

aznkiller - Winner!

  • Race: Protoss Protoss
  • Spawn Location: 3:00

VOD

Have the link to the VOD?

Description

Time

  • Played on: Nov. 21, 2018, 1:08 p.m.
  • Length: 4:39
Show
View Real Time Build Order
Export as new Build Order

wwonka Zerg 

Build Orders: Pool First 

Get SALT Encoding   

  12  0:00  Drone  
  13  0:13  Overlord  
  13  0:19  Drone  
  14  0:31  Drone x2  
  16  0:36  Drone  
  17  0:48  Spawning Pool  
  16  0:50  Extractor  
  16  0:54  Drone  
  16  1:15  Hatchery  
  15  1:20  Drone  
  16  1:34  Queen  
  16  1:38  Zergling x2  
  19  1:42  Zergling x2  
  19  1:46  Drone  
  21  1:53  Metabolic Boost  
  21  2:15  Drone  
  22  2:29  Drone  
  24  2:30  Drone x2  
  25  2:38  Drone  
  25  2:39  Drone  
  25  2:42  Hatchery  
  26  2:45  Queen  
  28  2:54  Overlord  
  25  3:27  Drone  
  25  3:28  Drone x5  
  31  3:46  Roach Warren  
  30  3:52  Queen  
  30  3:53  Queen  
  34  4:04  Extractor  
Show
View Real Time Build Order
Export as new Build Order

smokem Zerg 

Build Orders: Pool First 

Get SALT Encoding   

  12  0:01  Drone  
  13  0:13  Overlord  
  13  0:18  Drone  
  14  0:32  Drone x2  
  14  0:35  Drone  
  17  0:46  Extractor  
  17  0:49  Spawning Pool  
  15  0:52  Drone  
  15  0:56  Drone  
  17  1:20  Hatchery  
  17  1:21  Drone  
  17  1:25  Drone  
  18  1:30  Drone  
  19  1:45  Drone  
  20  1:49  Queen  
  22  2:06  Metabolic Boost  
  22  2:13  Overlord  
  22  2:35  Zergling x6  
  22  2:36  Zergling x2  
  24  2:50  Overlord  
  24  2:55  Zergling x4  
  24  2:57  Queen  
  27  2:58  Queen  
  29  3:07  Zergling x4  
  29  3:11  Zergling x6  
  33  3:19  Zergling x4  
  31  3:27  Zergling x2  
  32  3:35  Zergling x2  
  32  3:47  Zergling x8  
  32  3:48  Zergling x4  
  25  4:16  Zergling x4  
  25  4:17  Zergling x4  
  26  4:21  Zergling x4  
Show
View Real Time Build Order
Export as new Build Order

PureLegacy Terran - Winner!

Build Orders:  

Get SALT Encoding   

  12  0:02  SCV  
  13  0:14  SCV  
  13  0:20  Supply Depot  
  14  0:26  SCV  
  15  0:31  Refinery  
  15  0:41  SCV  
  16  0:46  Barracks  
  16  0:53  SCV  
  17  1:03  Barracks  
  17  1:17  Barracks  
  17  1:23  SCV  
  18  1:37  Reaper  
  19  1:40  Orbital Command  
  19  1:49  Refinery  
  19  1:51  Reaper  
  20  2:05  Reaper  
  20  2:08  Supply Depot  
  21  2:10  Reaper  
  21  2:13  SCV  
  23  2:29  Reaper, SCV  
  25  2:32  Supply Depot  
  25  2:41  SCV  
  26  2:44  Reaper  
  26  2:45  Reaper  
  28  3:01  Reaper  
  28  3:03  SCV  
  30  3:16  Reaper  
  30  3:19  Reaper  
  32  3:23  Command Center  
  32  3:29  SCV  
  32  3:34  Reaper  
  34  3:48  Reaper  
  34  3:50  SCV  
  36  3:56  Reaper  
  36  4:00  Supply Depot  
  36  4:01  Barracks  
  37  4:03  Barracks  
  37  4:06  Reaper  
  38  4:17  SCV  
Show
View Real Time Build Order
Export as new Build Order

aznkiller Protoss - Winner!

Build Orders:  

Get SALT Encoding   

  12  0:00  Probe  
  13  0:13  Probe  
  14  0:20  Pylon  
  14  0:25  Probe  
  15  0:38  Probe  
  16  0:45  Forge  
  16  0:50  Probe  
  17  1:02  Probe  
  18  1:14  Probe  
  19  1:26  Probe  
  19  1:27  Pylon  
  19  1:32  Assimilator  
  20  1:39  Gateway  
  20  1:45  Probe  
  20  1:46  Assimilator  
  21  1:57  Probe, Photon Cannon  
  22  2:02  Photon Cannon  
  22  2:04  Photon Cannon  
  22  2:09  Probe  
  23  2:21  Probe  
  23  2:33  Pylon  
  23  2:34  Probe  
  24  2:40  Photon Cannon  
  24  2:46  Probe  
  25  2:53  Cybernetics Core  
  25  2:58  Probe  
  26  3:10  Probe  
  27  3:22  Probe  
  28  3:34  Probe  
  28  3:35  Stargate  
  29  3:46  Probe, Pylon, Nexus  
  30  3:58  Probe  
  31  4:03  Pylon  
  31  4:06  Photon Cannon  
  31  4:10  Probe  
  32  4:22  Probe  
Tags
 
Add a new tag
Caveats
  • Supply blocks, unpowered buildings, or Contaminate may cause inaccurate times.
  • Supply counts are checked every 10 seconds.